 Dungeon Crawl Stone Soup version 0.21.1-1-g345015fe64 (webtiles) character file.

319548 Peloso the Hoplite (level 20, -1/173 HPs)
             Began as a Deep Dwarf Fighter on Apr 22, 2018.
             Was a High Priest of Trog.
             Slain by a vault warden
             ... wielding a +7 war axe of freezing
              (7 damage)
             ... on level 1 of the Vaults on Apr 28, 2018.
             The game lasted 03:54:15 (53929 turns).

Peloso the Hoplite (Deep Dwarf Fighter)            Turns: 53929, Time: 03:54:17

Health: -1/173     AC: 28    Str: 31    XL:     20   Next: 60%
Magic:  14/14      EV: 15    Int: 17    God:    Trog [*****.]
Gold:   3310       SH: 25    Dex: 15    Spells: 19/19 levels left

rFire    + . .     SeeInvis +   u - +4 scimitar (flame)
rCold    . . .     Gourm    .   m - +2 shield {reflect}
rNeg     + . .     Faith    .   F - +4 chain mail of a treasure trove {Regen+ Dex+3 Stlth+}
rPois    +         Spirit   .   e - +0 helmet
rElec    .         Reflect  +   G - +2 cloak of Chill Winds {+Fly rF+ SInv Stlth-}
rCorr    .         Harm     .   B - +2 pair of gloves {archery}
MR       ++++.                  H - +0 pair of boots
Stlth    ..........             P - +5 amulet of reflection
HPRegen  0.00/turn              x - ring of Xosett {rPois Int+2 SInv}
MPRegen  0.14/turn              C - ring "Pauray" {MR+ Str+4 Int+4}

@: berserk cooldown, non-regenerating, slowed, very slow
A: damage resistance, heal wounds, frail 1, negative energy resistance 1, sense
surroundings 3, no regeneration
}: 2/15 runes: decaying, serpentine
a: Heal Wounds, Berserk, Trog's Hand, Brothers in Arms, Burn Spellbooks,
Renounce Religion, Evoke Flight


You were on level 1 of the Vaults.
You worshipped Trog.
Trog was extremely pleased with you.
You were very hungry.

You visited 8 branches of the dungeon, and saw 36 of its levels.
You also visited: Ossuary.

You collected 4843 gold pieces.
You spent 1533 gold pieces at shops.

Inventory:

Hand Weapons
 b - a +3 vampiric spear
 j - a cursed -2 giant club
 u - a +4 scimitar of flaming (weapon)
Missiles
 y - 587 bolts
Armour
 e - a +0 helmet (worn)
 m - a +2 shield of reflection (worn)
 B - a +2 pair of gloves of archery (worn)
 F - the +4 chain mail of a treasure trove (worn) {Regen+ Dex+3 Stlth+}
   (You found it on level 6 of the Lair of Beasts)

   It affects your dexterity (+3).
   It increases your rate of regeneration.
   It makes you more stealthy.
 G - the +2 cloak of Chill Winds (worn) {+Fly rF+ SInv Stlth-}
   (You found it on level 3 of the Elven Halls)

   It protects you from fire.
   It lets you see invisible.
   It lets you fly.
   It makes you less stealthy.
 H - a +0 pair of boots (worn)
Jewellery
 a - an uncursed ring of protection from cold
 q - an uncursed ring of resist corrosion
 x - the ring of Xosett (left hand) {rPois Int+2 SInv}
   (You took it off a deep elf demonologist on level 3 of the Elven Halls)

   [ring of intelligence]

   It affects your intelligence (+2).
   It protects you from poison.
   It lets you see invisible.
 C - the ring "Pauray" (right hand) {MR+ Str+4 Int+4}
   (You took it off a deep elf archer on level 3 of the Elven Halls)

   [ring of protection from magic]

   It affects your strength (+4).
   It affects your intelligence (+4).
   It affects your resistance to hostile enchantments.
 P - a +5 amulet of reflection (around neck)
Wands
 L - a wand of digging (46)
 O - a wand of disintegration (19)
Scrolls
 h - 22 scrolls of remove curse
 k - 14 scrolls of teleportation
 l - 8 scrolls of identify
 D - 4 scrolls of fear
 K - 2 scrolls of blinking
 W - 4 scrolls of magic mapping
Potions
 d - 10 potions of heal wounds
 g - 2 potions of invisibility
 i - 6 potions of resistance
 n - 24 potions of curing
 r - 10 potions of flight
 v - 4 potions of agility
 z - 6 potions of haste
 J - 7 potions of might
 V - a potion of berserk rage
 X - a potion of ambrosia
Comestibles
 c - 4 chunks of flesh
 f - 41 rations


   Skills:
 + Level 14.8 Fighting
 + Level 18.4 Long Blades
 + Level 2.3 Polearms
   Level 1.3 Crossbows
 + Level 15.7 Armour
 + Level 8.8 Dodging
 + Level 3.7 Stealth
 + Level 23.4 Shields
 + Level 3.5 Evocations


You had 19 spell levels left.
You didn't know any spells.

Dungeon Overview and Level Annotations

Branches:
Dungeon (15/15)            Temple (1/1) D:5            Lair (6/6) D:9
  Swamp (4/4) Lair:2        Snake (4/4) Lair:4        Slime (0/5) Lair:6
    Orc (2/2) D:10            Elf (3/3) Orc:2        Vaults (1/5) D:14
 Depths (0/5) D:15

Altars:
Ashenzari
Cheibriados
Dithmenos
Elyvilon
Fedhas
Gozag
Hepliaklqana
Kikubaaqudgha
Makhleb
Nemelex Xobeh
Okawaru
Qazlal
Ru
Sif Muna
Trog
Uskayaw
Vehumet
Wu Jian
Xom
Yredelemnul
Zin
The Shining One
Jiyva

Shops:
D:6 }   D:9 [   D:10 [:   Orc:2 %(:}   Elf:1 [   Snake:1 *   Snake:4 !%***


Innate Abilities, Weirdness & Mutations

You are resistant to damage.
You can heal yourself by infusing magical energy.
You resist negative energy. (rN+)
You passively map a large area around you.
You do not regenerate.
You are frail. (-10% HP)


Message History

You block the vault warden's attack.
The vault guard hits you with an enchanted long sword!
The vault guard hits you but does no damage.
You are electrocuted!
* * * LOW HITPOINT WARNING * * *
You block the vault guard's attack.
You feel much better. The vault guard misses you.
You riposte.
You hit the vault guard. You burn the vault guard.
The vault guard is moderately wounded.
You block the vault warden's attack. The vault guard barely misses you.
You riposte.
You slash the vault guard! You burn the vault guard.
The vault guard is lightly wounded.
The vault guard hits you but does no damage.
You are electrocuted!
* * * LOW HITPOINT WARNING * * *
The vault guard hits you from afar with a glaive.
The vault warden hits you with an uncursed war axe of freezing!!
* * * LOW HITPOINT WARNING * * *
The vault warden freezes you!
You die...

*........# , ........#
##### * ........#
#....## * ........#
...... ........#
....#+# *,
**........####....#.$*
, ........#..p....#.$*
*........#.pp)...#.|
........+.p@)...#.(* ,
........####p...#.)*
,* ........# .(..#+#
+........# ......# ,*
........# #....## *
........# *#####
........#
........###########
*........##........#


You could see a vault warden and 4 vault guards.

Vanquished Creatures
  Nikola (Swamp:1)
  Jorgrun (Elf:2)
  Rupert (Lair:3)
  Asterion (Elf:2)
  3 deep elf blademasters (Elf:3)
  A deep elf master archer (Elf:3)
  A thorn hunter (Swamp:3)
  Donald (Orc:1)
  The ghost of DarkMoon the Alchemist, an adept DrTm of Sif Muna (Elf:2)
  9 nagarajas
  An orc warlord (Orc:1)
  6 deep elf sorcerers
  Aizul (Snake:3)
  A vault warden (Vaults:1)
  6 deep elf elementalists (Elf:3)
  6 ironheart preservers (Vaults:1)
  2 entropy weavers (Lair:6)
  7 deep elf annihilators
  Azrael (Orc:2)
  6 deep elf demonologists
  Snorg (Lair:6)
  4 fire dragons
  6 deep elf death magi
  Josephine (Orc:1)
  6 deep elf high priests
  Erolcha (Orc:1)
  5 naga warriors
  A rakshasa (D:14)
  23 hydras
  2 ghost crabs
  2 ice dragons (D:15)
  4 vault guards
  5 centaur warriors
  4 catoblepae
  2 death knights
  11 ogre magi
  22 anacondas
  27 dancing weapons
  A queen ant (Lair:6)
  A deep troll earth mage (Vaults:1)
  9 alligators
  8 naga sharpshooters
  6 shock serpents
  Urug (D:9)
  5 death yaks (Lair:6)
  3 tengu warriors
  16 deep elf knights
  26 two-headed ogres
  A fire crab (Swamp:4)
  A salamander mystic (Snake:4)
  6 skeletal warriors
  5 unseen horrors
  2 spriggan druids
  4 swamp dragons (Swamp:4)
  12 naga ritualists
  5 shambling mangroves
  6 deep trolls (Vaults:1)
  An obsidian statue (D:11)
  5 wizards
  13 deep elf archers
  8 orc knights
  A lindwurm (Swamp:4)
  2 ironbrand convokers (Vaults:1)
  9 mana vipers
  3 orc sorcerers
  54 deep elf magi
  7 ugly things
  6 manticores
  3 cyclopes
  2 salamanders
  11 slime creatures
  2 centaur zombies
  4 elephants
  6 vault sentinels
  12 naga magi
  12 guardian serpents
  A torpor snail (Lair:6)
  46 black mambas
  A gargoyle (D:11)
  13 spiny frogs
  A spiny frog (shapeshifter) (Elf:2)
  7 komodo dragons
  2 yaktaurs (Vaults:1)
  2 efreet
  A freezing wraith (D:14)
  3 rime drakes
  4 trolls
  4 polar bears
  17 hornets
  3 tengu conjurers (D:13)
  A polar bear (shapeshifter) (Elf:1)
  7 bog bodies
  3 tyrant leeches (Swamp:2)
  16 blink frogs
  6 dream sheep
  6 hippogriffs
  3 shadows
  2 air elementals
  16 spriggans
  9 wraiths
  9 fire elementals
  6 water elementals
  3 wyverns
  6 basilisks
  53 yaks
  A hungry ghost (D:11)
  12 vampire mosquitoes
  27 swamp worms
  A steam dragon (Swamp:4)
  16 insubstantial wisps
  23 soldier ants
  3 wargs
  38 nagas
  16 water moccasins
  A floating eye (shapeshifter) (Vaults:1)
  15 porcupines
  2 hell hounds
  4 acid dragons
  11 swamp drakes
  An ice beast (shapeshifter) (D:14)
  3 black bears
  An eye of draining (D:13)
  22 orc warriors
  3 sky beasts
  9 ice beasts
  17 wolves
  58 ogres
  2 phantoms
  5 boggarts (Vaults:1)
  3 centaurs
  12 crocodiles
  16 bullfrogs
  A big kobold (D:11)
  4 earth elementals
  A wyvern zombie (D:6)
  3 water moccasin zombies (Ossuary)
  A wyvern skeleton (D:6)
  4 scorpions
  16 killer bees
  A water moccasin skeleton (D:10)
  7 wights
  6 electric eels
  3 howler monkeys
  4 crimson imps
  A lava snake (Swamp:4)
  A quasit (D:11)
  4 bullfrog zombies
  5 jellies
  7 centaur skeletons
  16 orc priests
  A gnoll shaman (D:6)
  3 hounds
  24 orc wizards
  Jessica (D:3)
  3 iguanas
  Terence (D:2)
  23 worker ants
  4 big kobold zombies (Ossuary)
  3 centaur simulacra
  A hound zombie (D:7)
  A hound skeleton (D:9)
  3 mummies
  A howler monkey zombie (D:6)
  3 worker ant zombies
  Robin (D:2)
  10 adders
  11 gnolls
  5 shadow imps
  3 white imps (D:11)
  A worker ant simulacrum (D:11)
  An ufetubus (D:11)
  An ooze (D:5)
  6 adder zombies (Ossuary)
  4 worms
  10 leopard geckos
  73 orcs
  3 ball pythons
  6 bats
  7 giant cockroaches
  4 gnoll zombies (Ossuary)
  17 goblins
  10 hobgoblins
  14 jackals
  9 kobolds
  5 quokkas
  3 frilled lizards
  4 hobgoblin zombies
  7 kobold zombies
  A leopard gecko zombie (D:6)
  5 orc zombies (Ossuary)
  2 quokka skeletons
  13 rats
  2 crawling corpses (Elf:1)
  A fungus (Lair:6)
  A plant (Lair:5)
1433 creatures vanquished.

Vanquished Creatures (others)
  3 deep elf master archers (Elf:3)
  3 naga sharpshooters (Snake:4)
  A spriggan druid (Swamp:2)
  2 deep elf archers (Elf:3)
  A lindwurm (Swamp:4)
  A cyclops (D:11)
  2 hornets (Swamp:2)
  A spriggan (Swamp:2)
  2 vampire mosquitoes (Swamp:4)
  3 steam dragons (Swamp:4)
  A naga (Snake:4)
  2 swamp drakes (Swamp:4)
  6 centaurs
  An orc (D:13)
  2 kobolds
  A bush (Lair:6)
  13 fungi
  8 plants
53 creatures vanquished.

Grand Total: 1486 creatures vanquished

Notes
Turn   | Place    | Note
-------+----------+-------------------------------------------
     0 | D:1      | Peloso the Deep Dwarf Fighter began the quest for the Orb.
     0 | D:1      | Reached XP level 1. HP: 20/20 MP: 1/1
   112 | D:1      | You fall through a shaft!
   130 | D:2      | Reached XP level 2. HP: 21/27 MP: 2/2
   150 | D:2      | Noticed Robin
   168 | D:2      | Reached XP level 3. HP: 6/33 MP: 3/3
   176 | D:2      | Killed Robin
   176 | D:2      | Reached skill level 1 in Dodging
   509 | D:1      | Reached XP level 4. HP: 34/40 MP: 3/3
  1116 | D:2      | Noticed Terence
  1134 | D:2      | Killed Terence
  1293 | D:2      | Reached skill level 4 in Shields
  1525 | D:3      | Reached XP level 5. HP: 25/49 MP: 4/4
  1589 | D:3      | Noticed Jessica
  1604 | D:3      | Killed Jessica
  1752 | D:3      | Found an ornate altar of the Wu Jian Council.
  1801 | D:3      | Reached XP level 6. HP: 17/56 MP: 5/5
  2671 | D:4      | Reached skill level 5 in Long Blades
  2721 | D:4      | Found a sand-covered staircase.
  2728 | D:4      | Reached XP level 7. HP: 37/62 MP: 6/6
  2731 | Ossuary  | Entered an ossuary
  2855 | Ossuary  | Reached skill level 5 in Shields
  3165 | D:4      | Reached XP level 8. HP: 10/72 MP: 7/7
  3701 | D:4      | Reached skill level 5 in Armour
  3701 | D:4      | Reached skill level 6 in Shields
  3938 | D:5      | Entered Level 5 of the Dungeon
  3973 | D:5      | Found a staircase to the Ecumenical Temple.
  4017 | Temple   | Entered the Ecumenical Temple
  4141 | Temple   | Became a worshipper of Trog the Wrathful
  4816 | D:5      | Reached skill level 7 in Shields
  4929 | D:5      | HP: 2/72 [ogre/giant club (14)]
  5164 | D:6      | Killed an unseen horror
  5164 | D:6      | Gained mutation: You passively map the area around you. [Deep Dwarf growth]
  5164 | D:6      | Reached XP level 9. HP: 6/79 MP: 5/5
  5350 | D:6      | Reached * piety under Trog
  5458 | D:6      | Found Amurphon's Gadget Shop.
  6287 | D:7      | Reached ** piety under Trog
  6362 | D:7      | Reached skill level 8 in Shields
  6575 | D:7      | Got a shimmering ring mail
  6586 | D:7      | Identified the +3 ring mail "Xaut" {rF+ rC+ SInv Stlth+} (You found it on level 7 of the Dungeon)
  6938 | D:8      | Noticed a two-headed ogre
  6948 | D:8      | Killed a two-headed ogre
  6948 | D:8      | Reached skill level 5 in Fighting
  6948 | D:8      | Reached XP level 10. HP: 48/88 MP: 5/5
  6953 | D:8      | Noticed a two-headed ogre
  7008 | D:8      | Killed a two-headed ogre
  7008 | D:8      | Reached skill level 10 in Long Blades
  7008 | D:8      | Reached skill level 1 in Stealth
  7663 | D:9      | Reached skill level 9 in Shields
  7715 | D:8      | Reached skill level 1 in Crossbows
  7933 | D:9      | Reached *** piety under Trog
  8002 | D:9      | Noticed a two-headed ogre
  8554 | D:9      | Found Omejek's Armour Emporium.
  8609 | D:9      | Killed a two-headed ogre
  8758 | D:9      | Reached skill level 10 in Shields
  8787 | D:9      | Found a staircase to the Lair.
  9057 | D:10     | Entered Level 10 of the Dungeon
  9060 | D:10     | Noticed Urug
  9438 | D:9      | Reached XP level 11. HP: 97/97 MP: 6/6
  9510 | D:9      | Killed Urug
  9567 | D:10     | Found a staircase to the Orcish Mines.
  9639 | D:10     | Found Seygh's Antique Armour Emporium.
  9687 | D:10     | Bought a faintly humming chain mail for 275 gold pieces
  9699 | D:10     | Identified the +0 chain mail "Ivoyhim" {rN+ Str+3 Int-2 Dex+7} (You bought it in a shop on level 10 of the Dungeon)
  9890 | D:10     | Found Mutrier's Book Emporium.
  9905 | D:10     | Noticed a two-headed ogre
  9918 | D:10     | Killed a two-headed ogre
  9974 | D:10     | Received a gift from Trog
 10084 | D:10     | Noticed a two-headed ogre
 10093 | D:10     | Killed a two-headed ogre
 10093 | D:10     | Reached skill level 1 in Evocations
 10297 | D:11     | Found a bloodstained altar of Trog.
 10314 | D:11     | Reached skill level 11 in Shields
 10373 | D:11     | Reached **** piety under Trog
 10403 | D:11     | Noticed an obsidian statue
 11166 | D:11     | Noticed a white ugly thing
 11176 | D:11     | HP: 5/150 [white ugly thing (31)]
 11179 | D:11     | Killed a white ugly thing
 12225 | D:12     | Reached XP level 12. HP: 101/109 MP: 8/8
 12882 | D:11     | Reached skill level 12 in Shields
 13613 | D:13     | Noticed a centaur warrior
 13626 | D:13     | Killed a centaur warrior
 13826 | D:13     | Noticed a centaur warrior
 13835 | D:13     | Killed a centaur warrior
 13839 | D:13     | Reached skill level 10 in Armour
 13848 | D:13     | Noticed a centaur warrior
 13857 | D:13     | Killed a centaur warrior
 14192 | D:13     | Noticed a tengu warrior
 14210 | D:13     | Killed a tengu warrior
 14723 | Lair:1   | Entered Level 1 of the Lair of Beasts
 14969 | Lair:1   | Reached skill level 13 in Shields
 14971 | Lair:1   | Reached XP level 13. HP: 99/117 MP: 9/9
 16596 | Lair:2   | Found a staircase to the Swamp.
 16959 | Lair:3   | Noticed Rupert
 16961 | Lair:3   | Paralysed by Rupert for 2 turns
 16980 | Lair:3   | Killed Rupert
 17027 | Lair:3   | Reached skill level 14 in Shields
 18134 | Lair:4   | Found a staircase to the Snake Pit.
 18601 | Lair:5   | Received a gift from Trog
 18601 | Lair:5   | Gained mutation: You resist negative energy. (rN+) [Deep Dwarf growth]
 18601 | Lair:5   | Reached XP level 14. HP: 77/129 MP: 11/11
 19394 | Lair:6   | Entered Level 6 of the Lair of Beasts
 19394 | Lair:6   | Found a viscous altar of Jiyva.
 19394 | Lair:6   | Found a staircase to the Slime Pits.
 19423 | Lair:5   | Reached skill level 15 in Shields
 19921 | Lair:6   | Reached skill level 10 in Fighting
 20796 | Lair:6   | Got a jewelled chain mail
 20807 | Lair:6   | Identified the +4 chain mail of a treasure trove {Regen+ Dex+3 Stlth+} (You found it on level 6 of the Lair of Beasts)
 21188 | Lair:6   | Noticed an entropy weaver
 21190 | Lair:6   | Noticed an entropy weaver
 21202 | Lair:6   | Killed an entropy weaver
 21206 | Lair:6   | Reached skill level 15 in Long Blades
 21218 | Lair:6   | Killed an entropy weaver
 21672 | Lair:6   | Noticed Snorg
 21685 | Lair:6   | Killed Snorg
 21685 | Lair:6   | Reached skill level 5 in Dodging
 21974 | Lair:6   | Reached XP level 15. HP: 122/140 MP: 12/12
 22235 | Orc:1    | Entered Level 1 of the Orcish Mines
 22290 | Orc:1    | Noticed an orc warlord
 22310 | Orc:1    | Noticed Josephine
 22317 | Orc:1    | Killed an orc warlord
 22317 | Orc:1    | Reached skill level 16 in Shields
 22352 | Orc:1    | Killed Josephine
 22631 | Orc:1    | Noticed Erolcha
 22643 | Orc:1    | Killed Erolcha
 22975 | Orc:2    | Entered Level 2 of the Orcish Mines
 22975 | Orc:2    | Noticed Donald
 22997 | Orc:1    | Killed Donald
 23058 | Orc:2    | Found a staircase to the Elven Halls.
 23364 | Orc:2    | Reached ***** piety under Trog
 23525 | Orc:2    | Received a gift from Trog
 23534 | Orc:2    | Found Ciotow's Weapon Shop.
 23534 | Orc:2    | Found Cisuixt's Gadget Shoppe.
 23535 | Orc:2    | Found Vofyek's Food Emporium.
 23535 | Orc:2    | Found Morucoe's Book Shop.
 24342 | Elf:1    | Entered Level 1 of the Elven Halls
 24347 | Elf:1    | Noticed Azrael
 24756 | Orc:2    | Killed Azrael
 24828 | Elf:1    | Reached skill level 17 in Shields
 25453 | Elf:1    | Found Veuck's Armour Emporium.
 26012 | Elf:1    | Received a gift from Trog
 26080 | Elf:1    | Reached XP level 16. HP: 71/151 MP: 13/13
 26181 | Elf:1    | Noticed a Tzitzimitl
 27406 | Elf:2    | Noticed DarkMoon's ghost (adept DrTm)
 27518 | Elf:2    | Killed DarkMoon's ghost
 27652 | Elf:2    | Found a huge runed gate.
 27652 | Elf:2    | Found a huge runed gate.
 27652 | Elf:2    | Found a huge runed gate.
 27817 | Elf:2    | Noticed Jorgrun
 27838 | Elf:2    | Killed Jorgrun
 27838 | Elf:2    | Reached skill level 18 in Shields
 28147 | Elf:2    | Noticed Asterion
 28189 | Elf:2    | Killed Asterion
 30300 | D:14     | HP: 2/152 [death knight/enchanted great sword (23)]
 30503 | D:14     | Reached XP level 17. HP: 79/159 MP: 14/14
 30521 | D:14     | HP: 6/159 [something/shard of ice (14)]
 31170 | D:14     | Found a gate to the Vaults.
 31286 | D:15     | Entered Level 15 of the Dungeon
 31372 | D:15     | Reached skill level 19 in Shields
 31496 | D:15     | Found a hide-covered altar of Uskayaw.
 31630 | D:15     | HP: 5/162 [ice dragon/blast of cold (35)]
 31894 | D:15     | Found a staircase to the Depths.
 32635 | D:11     | Got a jewelled ring mail
 32657 | D:11     | Identified the cursed +1 ring mail of the Final Lovers {-Cast rPois rN++ SInv} (You found it on level 11 of the Dungeon)
 33053 | Elf:3    | Entered Level 3 of the Elven Halls
 34977 | Elf:3    | Got a warped lapis lazuli ring
 34985 | Elf:3    | Got a scintillating pewter ring
 35376 | Elf:3    | Noticed a deep elf master archer
 35380 | Elf:3    | Killed a deep elf master archer
 35417 | Elf:3    | Noticed a deep elf blademaster
 35436 | Elf:3    | Noticed a Hell Sentinel
 35444 | Elf:3    | Noticed a deep elf blademaster
 35445 | Elf:3    | Killed a deep elf blademaster
 35446 | Elf:3    | Noticed a deep elf master archer
 35771 | Elf:3    | Noticed an Ice Fiend
 35801 | Elf:3    | Identified the ring of Checkmate {*Contam +Fly Dex+3 Slay+4} (You took it off a deep elf demonologist on level 3 of the Elven Halls)
 35803 | Elf:3    | Identified the ring "Pauray" {MR+ Str+4 Int+4} (You took it off a deep elf archer on level 3 of the Elven Halls)
 35819 | Elf:3    | Gained mutation: You are frail. (-10% HP) [mutagenic glow]
 36803 | Elf:3    | Killed a deep elf master archer
 36849 | Elf:3    | Noticed a deep elf master archer
 36860 | Elf:3    | Killed a deep elf master archer
 36906 | Elf:3    | Noticed a deep elf blademaster
 36915 | Elf:3    | Killed a deep elf blademaster
 36915 | Elf:3    | Reached skill level 20 in Shields
 37190 | Elf:3    | Gained mutation: You passively map a large area around you. [Deep Dwarf growth]
 37190 | Elf:3    | Reached XP level 18. HP: 121/153 MP: 14/14
 37422 | Elf:3    | Noticed a Brimstone Fiend
 37470 | Elf:3    | Got a transparent steel ring
 38669 | Elf:3    | Identified the ring of Xosett {rPois Int+2 SInv} (You took it off a deep elf demonologist on level 3 of the Elven Halls)
 38715 | Elf:3    | Got an ichor-stained cloak
 38744 | Elf:3    | Identified the +2 cloak of Chill Winds {+Fly rF+ SInv Stlth-} (You found it on level 3 of the Elven Halls)
 38761 | Elf:3    | Identified the Guide on Supportive Hexes
 39854 | Elf:3    | Got an encrusted buckler
 39865 | Elf:3    | Identified the +2 buckler of Epnu {rN+ Dex+4} (You took it off a deep elf death mage on level 3 of the Elven Halls)
 40756 | Snake:1  | Entered Level 1 of the Snake Pit
 40831 | Snake:1  | Found a shadowy altar of Dithmenos.
 41211 | Snake:1  | Reached skill level 1 in Polearms
 42243 | Snake:1  | Found Touti's Tempting Trifles.
 42488 | Swamp:1  | Entered Level 1 of the Swamp
 42528 | Swamp:1  | Noticed Nikola
 42542 | Swamp:1  | Killed Nikola
 42723 | Swamp:1  | Got a heavily runed scale mail
 44763 | Swamp:3  | Reached skill level 21 in Shields
 45126 | Swamp:3  | Got a faintly glowing spear
 45139 | Swamp:3  | Identified the +7 spear of Hell's Wrath {pierce, Int+2} (You found it on level 3 of the Swamp)
 45688 | Swamp:4  | Entered Level 4 of the Swamp
 46019 | Swamp:4  | Reached skill level 15 in Armour
 46301 | Swamp:4  | Reached XP level 19. HP: 105/162 MP: 13/13
 46673 | Swamp:4  | Got a decaying rune of Zot
 47855 | Snake:2  | Identified the cursed +1 scale mail of Vampiric Thralls {Dex+3} (You found it on level 1 of the Swamp)
 48584 | Snake:3  | Noticed Aizul
 48595 | Snake:3  | Killed Aizul
 48668 | Snake:3  | Found a shadowy altar of Dithmenos.
 49128 | Snake:3  | Reached skill level 22 in Shields
 49652 | Snake:4  | Entered Level 4 of the Snake Pit
 49652 | Snake:4  | Found Tuoschaff's General Store.
 49685 | Snake:4  | Bought a scroll of magic mapping for 56 gold pieces
 49685 | Snake:4  | Bought a potion of curing for 48 gold pieces
 49685 | Snake:4  | Bought a scroll of teleportation for 48 gold pieces
 49734 | Snake:4  | Found Deraud's General Store.
 49762 | Snake:4  | Bought a potion of heal wounds for 85 gold pieces
 50474 | Snake:4  | Found Awnehobi's General Store.
 50601 | Snake:4  | Found Muteesec's Food Shoppe.
 50609 | Snake:4  | Bought a ration for 50 gold pieces
 50609 | Snake:4  | Bought a ration for 50 gold pieces
 50609 | Snake:4  | Bought a ration for 50 gold pieces
 50609 | Snake:4  | Bought a ration for 50 gold pieces
 50609 | Snake:4  | Bought a ration for 50 gold pieces
 51478 | Snake:4  | Reached XP level 20. HP: 77/172 MP: 14/14
 51766 | Snake:4  | Got a serpentine rune of Zot
 51954 | Snake:4  | Found Feoff's Distillery.
 51963 | Snake:4  | Bought a potion of might for 76 gold pieces
 51963 | Snake:4  | Bought a potion of haste for 190 gold pieces
 51963 | Snake:4  | Bought a potion of haste for 190 gold pieces
 51963 | Snake:4  | Bought a potion of heal wounds for 95 gold pieces
 52399 | Orc:2    | Bought a ration for 55 gold pieces
 52399 | Orc:2    | Bought a ration for 55 gold pieces
 52399 | Orc:2    | Bought a ration for 55 gold pieces
 52399 | Orc:2    | Bought a ration for 55 gold pieces
 52665 | Vaults:1 | Entered Level 1 of the Vaults
 53102 | Vaults:1 | Reached skill level 23 in Shields
 53261 | Vaults:1 | Paralysed by a floating eye for 3 turns
 53927 | Vaults:1 | Received a gift from Trog
 53928 | Vaults:1 | HP: 5/173 [vault guard/war axe of electrocution (11)]
 53929 | Vaults:1 | Slain by a vault warden

Skill      XL: |  1  2  3  4  5  6  7  8  9 10 11 12 13 14 15 16 17 18 19 20 |
---------------+-------------------------------------------------------------+-----
Dodging        | 1 2 3 4 5 6 7 8 |  8.8
Long Blades    | 3 4 5 6 8 9 10 12 13 14 15 16 17 18 | 18.4
Armour         | 4 6 7 8 9 10 11 12 13 14 15 | 15.7
Fighting       | 3 4 5 6 7 8 9 10 11 12 13 14 | 14.8
Shields        | 4 5 7 8 10 11 13 14 15 17 18 20 21 22 23 | 23.4
Stealth        | 1 2 3 |  3.7
Crossbows      | 1 |  1.3
Evocations     | 1 2 3 |  3.5
Polearms       | 2 |  2.3

Action                   |  1- 3 |  4- 6 |  7- 9 | 10-12 | 13-15 | 16-18 | 19-21 || total
-------------------------+-------+-------+-------+-------+-------+-------+-------++-------
Melee: Long sword        |   103 |   183 |   549 |   791 |   901 |   279 |       ||  2806
       Scimitar          |       |       |       |   106 |   957 |  1387 |  1401 ||  3851
       Spear             |       |       |       |       |       |   446 |       ||   446
 Fire: Hand crossbow     |       |       |       |     5 |       |       |       ||     5
Invok: Burn Spellbooks   |       |       |     1 |       |     2 |     5 |     2 ||    10
       Berserk           |       |       |     3 |    23 |    14 |    38 |    13 ||    91
       Trog's Hand       |       |       |       |    25 |    54 |   116 |    53 ||   248
 Abil: Heal Wounds       |     1 |     2 |     9 |     6 |       |    12 |     1 ||    31
Evoke: Wand              |       |       |       |    13 |    12 |    15 |       ||    40
  Use: Potion            |     1 |     1 |     1 |     2 |       |     9 |     1 ||    15
       Scroll            |       |     7 |    10 |    18 |     4 |    13 |     3 ||    55
 Stab: Petrified         |       |       |       |       |     2 |       |       ||     2
       Distracted        |       |       |       |       |       |     1 |       ||     1
       Confused          |       |       |       |       |       |     1 |       ||     1
  Eat: Chunk             |       |     6 |    13 |    51 |    63 |    81 |    31 ||   245
       Ration            |       |       |     1 |     2 |     3 |    20 |     8 ||    34
Armor: Scale mail        |    57 |    35 |       |       |       |       |       ||    92
       Plate armour      |       |     8 |   250 |    91 |       |       |       ||   349
       Chain mail        |       |       |       |   147 |   372 |   581 |   294 ||  1394
Dodge: Dodged            |    46 |    70 |   100 |   173 |   403 |   514 |   366 ||  1672
Block: Shield            |    69 |   105 |   357 |   755 |  1410 |  2138 |  1626 ||  6460
       Reflection        |       |     4 |     9 |    28 |    21 |   122 |   116 ||   300
       Rpst.: Long sword |    19 |    26 |    26 |    36 |    59 |    10 |       ||   176
       Scimitar          |       |       |       |     3 |    45 |    68 |    58 ||   174
